 Dungeon Crawl Stone Soup version 0.24.0-28-g17ded55e90 (webtiles) character file.

Game seed: 7688770881337365192, levelgen mode: deterministic

562 Nattfarinn the Digger (level 7, -1/42 HPs)
             Began as a Gargoyle Earth Elementalist on Nov 12, 2019.
             Slain by an orc wizard
             ... wielding a +0 dagger
              (5 damage)
             ... on level 4 of the Dungeon.
             The game lasted 00:06:51 (3322 turns).

Nattfarinn the Digger (Gargoyle Earth Elementalist) Turns: 3322, Time: 00:06:51

Health: -1/42      AC:  8    Str: 11    XL:     7   Next: 32%
Magic:  0/12       EV: 12    Int: 20    God:
Gold:   220        SH:  0    Dex: 12    Spells: 12/13 levels left

rFire    . . .     SeeInvis .   l - +0 dagger (protect)
rCold    . . .     Gourm    .   (no shield)
rNeg     + . .     Faith    .   c - +0 robe
rPois    ∞         Spirit   .   x - +0 helmet
rElec    +         Reflect  .   (no cloak)
rCorr    .         Harm     .   (no gloves)
MR       .....                  q - +0 pair of boots
Stlth    ++........             (no amulet)
HPRegen  0.14/turn              (no ring)
MPRegen  0.13/turn              (no ring)

@: hasted, very quick
A: agile 1, clever 1, negative energy resistance 1, electricity resistance,
unbreathing, petrification resistance, rot immunity, AC +4
a: no special abilities


You were on level 4 of the Dungeon.
You were not hungry.

You visited 1 branch of the dungeon, and saw 4 of its levels.

You collected 220 gold pieces.

Inventory:

Hand Weapons
 a - a +0 hand axe
 l - a +0 dagger of protection (weapon)
 y - the +6 long sword "Veponk" {slice, rC+ rN+ Str-5}
   (You found it on level 4 of the Dungeon)

   It inflicts extra damage upon your enemies.
   It affects your strength (-5).
   It protects you from cold.
   It protects you from negative energy.
Missiles
 b - 75 stones (quivered)
Armour
 c - a +0 robe (worn)
 q - a +0 pair of boots (worn)
 x - a +0 helmet (worn)
Jewellery
 r - a +4 ring of protection
 B - an uncursed ring of ice
Scrolls
 g - 3 scrolls of identify {unknown}
 h - 2 scrolls of remove curse {unknown}
 i - 2 scrolls of magic mapping {unknown}
 j - 3 scrolls of enchant armour {unknown}
 k - 2 scrolls of enchant weapon {unknown}
 s - a scroll of fear {unknown}
 u - a scroll of teleportation {unknown}
 v - 2 scrolls of blinking {unknown}
Potions
 m - a potion of heal wounds {unknown}
 n - a potion of might {unknown}
 o - a potion of brilliance {unknown}
 p - a potion of lignification {unknown}
 t - a potion of cancellation {unknown}
 w - a potion of curing {unknown}
 A - a potion of ambrosia {unknown}
Comestibles
 d - 11 rations
 z - 3 chunks of flesh


   Skills:
 + Level 3.9 Fighting
 - Level 1.5 Dodging
 - Level 2.1 Stealth
 + Level 3.9 Spellcasting
   Level 0.7 Transmutations
 * Level 7.4 Earth Magic


You had 12 spell levels left.
You knew the following spells:

 Your Spells              Type           Power        Failure   Level  Hunger
a - Sandblast             Erth           ####..       1%          1    None

Your spell library contained the following spells:

 Spells                   Type           Power        Failure   Level  Hunger
 Passwall                 Tmut/Erth      ###.....     3%          2    ##.....
 Stone Arrow              Conj/Erth      ###...       9%          3    ###....
 Lee's Rapid Deconstruct  Erth           ####......   17%         5    ######.
 Petrify                  Tmut/Erth      ###.....     24%         4    ####...


Dungeon Overview and Level Annotations

Branches:
Dungeon (4/15)
 Temple: D:4-7

Altars:


Innate Abilities, Weirdness & Mutations

You are resistant to torment.
Your stone body is resilient. (AC +4)
You are immune to poison.
You resist negative energy. (rN+)
You are resistant to electric shocks. (rElec)
You can survive without breathing.
You are immune to petrification.
You are immune to rotting.
You are agile. (Dex +2)
Your mind is acute. (Int +2)


Message History

You hear some strange, mumbled words.
A magic dart appears from out of thin air!
The magic dart hits you.
* * * LOW HITPOINT WARNING * * *
Casting: Sandblast (safe; 1% risk of failure)
Confirm with . or Enter, or press ? or * to list all spells.
Aiming: Sandblast (safe; 1% risk of failure)
Press: ? - help, Shift-Dir - straight line
b - 75 stones You hear some strange, mumbled words.
Something tries to affect you, but you resist.
It was a potion of mutation.
You feel extremely strange.
You feel agile.
You feel clever.
You feel a little pissed off.
You feel a little more calm.
You hear some strange, mumbled words.
A magic dart appears from out of thin air!
The magic dart hits you.
* * * LOW HITPOINT WARNING * * *
It was a potion of haste.
You feel yourself speed up. Something hits you.
You die...

#############################.#.#
..........).................#.#.#
..........)).....................
############'######.#..<..#.#.#.#
#...#.......#.#.#.#.#.#
#...#.%.)...# #.#.#.#
######.$†)...# #.#.#.#
#......{[....## ..#.#.#
#......@........ ..#.#.#
#...........#### .##.#.#
#.............. #..
#...........### #.# #############
#.# #.# #.# #.# #.#


There were no monsters in sight!

Vanquished Creatures
  An ogre (D:4)
  Blork the orc (D:4)
  2 hounds (D:4)
  An orc priest (D:3)
  Natasha (thrice) (D:3)
  2 orc wizards
  A worker ant (D:4)
  A hound skeleton (D:4)
  5 adders
  A gnoll (D:4)
  2 oozes
  2 worms
  2 dart slugs
  2 leopard geckos
  9 orcs
  7 bats
  7 goblins
  9 hobgoblins
  2 jackals (D:4)
  7 kobolds
  2 quokkas
  12 frilled lizards
  12 rats
93 creatures vanquished.

Vanquished Creatures (others)
  An adder (D:2)
1 creature vanquished.

Grand Total: 94 creatures vanquished

Notes
Turn   | Place    | Note
-------+----------+-------------------------------------------
     0 | D:1      | Nattfarinn the Gargoyle Earth Elementalist began the quest
                  | for the Orb.
     0 | D:1      | Reached XP level 1. HP: 10/10 MP: 3/3
   128 | D:1      | Reached XP level 2. HP: 16/16 MP: 5/5
   132 | D:1      | Reached skill level 4 in Earth Magic
   234 | D:1      | Reached skill level 1 in Fighting
   337 | D:1      | Reached XP level 3. HP: 20/20 MP: 4/6
   786 | D:2      | Found a faded altar of an unknown god.
   841 | D:2      | Reached XP level 4. HP: 16/26 MP: 7/7
  1306 | D:2      | Reached skill level 5 in Earth Magic
  1862 | D:3      | Reached XP level 5. HP: 30/30 MP: 4/9
  2500 | D:4      | Noticed Blork the orc
  2500 | D:4      | Noticed Natasha
  2508 | D:3      | Killed Natasha
  2508 | D:3      | Reached skill level 6 in Earth Magic
  2535 | D:3      | Noticed Natasha
  2539 | D:3      | Killed Natasha
  2539 | D:3      | Reached XP level 6. HP: 34/36 MP: 8/10
  2547 | D:3      | Noticed Natasha
  2552 | D:3      | Killed Natasha
  2738 | D:4      | Got an encrusted long sword
  2739 | D:4      | Identified the +6 long sword "Veponk" {slice, rC+ rN+
                  | Str-5} (You found it on level 4 of the Dungeon)
  2816 | D:4      | Killed Blork the orc
  2922 | D:4      | Reached skill level 7 in Earth Magic
  2922 | D:4      | Reached XP level 7. HP: 6/42 MP: 9/12
  3321 | D:4      | Gained mutation: You are agile. (Dex +2) [potion of
                  | mutation]
  3321 | D:4      | Gained mutation: Your mind is acute. (Int +2) [potion of
                  | mutation]
  3321 | D:4      | Gained mutation: You tend to lose your temper in combat.
                  | [potion of mutation]
  3321 | D:4      | Lost mutation: You tend to lose your temper in combat.
                  | [potion of mutation]
  3322 | D:4      | Slain by an orc wizard

Levels and vault maps discovered:
D:1:      erik_arrival_triangle_medium, layout_rooms
D:2:      layout_basic, chequers_ecumenical_altar_simple, serial_bayou_pond_c,
          minmay_misc_feat_plants, lemuel_old_faithful
D:3:      layout_basic, item_on_display_b
D:4:      layout_basic, serial_shops, nicolae_shop_trees, sigmund_army,
          uniq_blork_the_orc, uniq_natasha

Skill      XL: |  1  2  3  4  5  6 |
---------------+-------------------+-----
Earth Magic    | 4 5 6 7 |  7.4
Fighting       | 1 2 3 |  3.9
Spellcasting   | 3 |  3.9
Dodging        | |  1.5
Stealth        | |  2.1
Transmutations | |  0.7

Action                   |  1- 3 |  4- 6 |  7- 9 || total
-------------------------+-------+-------+-------++-------
Melee: Hand axe          |    29 |       |       ||    29
       Unarmed           |     1 |       |       ||     1
       Dagger            |    69 |   243 |    21 ||   333
       Long sword        |       |    17 |       ||    17
 Cast: Sandblast         |     9 |    30 |    22 ||    61
  Use: Potion            |       |       |     2 ||     2
 Stab: Sleeping          |     3 |     5 |       ||     8
  Eat: Chunk             |       |     7 |     1 ||     8
Armor: Robe              |    48 |   110 |    14 ||   172
Dodge: Dodged            |    98 |   172 |    12 ||   282
       Rpst.: Long sword |       |     4 |       ||     4
